Match 42454106
Unlisted

Match 42454106
End
Panzergrenadier Squad
Panzerpioneer Squad
Selects Panzerjäger Kommand Battlegroup
Construct Light Support Kompanie
250 Light Carrier
2.5-tonne Medical Truck
Combat Half-tracks
Selects GrB 39 Grenade Launcher Requisition
Construct Mechanized Kompanie
Assault Mechanized Group
Panzerpioneer Squad
Selects Crew Shock Tactics
Support Armor Elements
Advanced Field Repairs
Vehicle Survival Package
StuG III D Assault Gun
Panzerjäger Mechanized Group
Panzerpioneer Squad
Flakvierling Half-track
Selects Mine Fields
18-tonne Recovery Half-track
Panzerpioneer Squad
Particycles
Milliam
Tenal Jan
Gran_Toro
BABYDOG
山田凉
0
0

Comments sign in to comment!

No comments posted yet!